Map: Piliers d'or EC

Players

IA (plus difficile)

  • Race: Zerg Zerg

Nadiejda

  • Race: Terran Terran

VOD

Have the link to the VOD?

Description

Time

  • Played on: May 13, 2021, 6:07 p.m.
  • Length: 17:15
Show
View Real Time Build Order
Export as new Build Order

IA (plus difficile) Zerg 

Build Orders: Hatch First 

Get SALT Encoding   

  1  0:00  Drone x12, Overlord  
    0:09  Unknown  
    0:10  Drone  
  13  0:19  Drone  
  14  0:33  Overlord  
  14  0:52  Drone x3  
  17  1:03  Drone  
  18  1:24  Hatchery  
  17  1:42  Spawning Pool  
  17  1:44  Drone, Extractor  
  16  1:49  Drone  
  17  1:58  Overlord  
  17  2:30  Drone, Queen, Zergling x2  
  17  2:34  Zergling x2  
  22  2:47  Roach Warren  
  22  2:49  Drone  
  22  2:52  Extractor  
  22  2:56  Drone  
  22  3:08  Drone  
  23  3:17  Zergling x2  
  24  3:24  Drone  
  25  3:41  Zergling x2  
  26  3:51  Overlord  
  26  4:04  Metabolic Boost  
  26  4:06  Zergling x2  
  27  4:12  Zergling x2  
  28  4:47  Drone  
  29  4:53  Drone  
  29  4:57  Drone  
  31  5:15  Roach  
  31  5:16  Hatchery  
  31  5:19  Hatchery  
  24  6:03  Drone  
  25  6:05  Drone x2  
  25  6:10  Drone  
  28  6:17  Drone  
  29  6:20  Drone x2  
  29  6:25  Drone  
  32  6:30  Drone  
  33  6:35  Drone  
  34  6:42  Roach  
  36  6:50  Roach, Ravager  
  39  7:07  Evolution Chamber  
  38  7:14  Drone  
  39  7:33  Zerg Melee Weapons Level 1  
  39  7:39  Burrow  
  39  7:45  Roach  
  41  7:53  Roach  
  43  7:59  Overlord  
  43  8:01  Ravager x2  
  45  8:07  Roach  
  47  8:14  Roach  
  49  8:22  Overlord  
  49  8:41  Hatchery  
  48  9:12  Evolution Chamber  
  48  9:14  Hatchery  
  46  9:28  Zerg Missile Weapons Level 1  
  46  9:38  Zerg Ground Armor Level 1  
  44  9:41  Roach  
  45  9:46  Roach  
  47  9:53  Drone  
  47  9:56  Drone  
  49  10:00  Drone x2  
  49  10:03  Drone  
  49  10:07  Drone  
  53  10:11  Drone  
  54  10:24  Pneumatized Carapace  
  54  10:41  Spore Crawler  
  54  10:42  Drone  
  51  10:50  Spore Crawler  
  51  10:52  Drone  
  49  10:57  Roach  
  51  11:04  Roach  
  51  11:10  Roach  
  55  11:16  Roach  
  57  11:21  Roach  
  59  11:27  Roach  
  61  11:33  Roach  
  63  11:44  Overlord  
  63  11:50  Hatchery  
  62  11:57  Drone  
  63  12:19  Drone  
  62  12:30  Drone  
  63  12:39  Hatchery  
  62  12:45  Drone  
  63  12:54  Drone  
  48  13:08  Roach  
  48  13:13  Roach  
  48  13:18  Roach  
  52  13:27  Roach  
  54  14:05  Protoss Ground Weapons Level 3, Protoss Shields Level 3, Protoss Ground Armor Level 3  
  54  14:07  Zergling x2  
  55  14:13  Roach  
  57  14:17  Roach  
  57  14:22  Roach  
  61  14:26  Roach  
  61  14:27  Terran Vehicle Weapons Level 3, Zerg Missile Weapons Level 3, Terran Infantry Armor Level 3, Terran Infantry Weapons Level 3, Terran Ship Weapons Level 3, Protoss Air Weapons Level 3, Zerg Ground Armor Level 3, Zerg Flyer Weapons Level 3, Terran Vehicle Armor Level 3, Protoss Air Armor Level 3, Zerg Flyer Armor Level 3, Terran Ship Armor Level 3, Zerg Melee Weapons Level 3  
  61  14:30  Roach, Protoss Ground Armor Level 2, Protoss Shields Level 2, Protoss Ground Weapons Level 2  
  65  14:35  Roach  
  67  14:40  Roach  
  67  14:45  Roach  
  71  14:48  Terran Infantry Armor Level 2, Terran Ship Armor Level 2, Terran Infantry Weapons Level 2, Protoss Air Weapons Level 2, Zerg Melee Weapons Level 2, Zerg Missile Weapons Level 2, Zerg Ground Armor Level 2, Terran Vehicle Armor Level 2, Terran Ship Weapons Level 2, Zerg Flyer Weapons Level 2, Zerg Flyer Armor Level 2, Protoss Air Armor Level 2, Terran Vehicle Weapons Level 2  
  71  14:54  Overlord  
  71  14:55  Protoss Ground Armor Level 1, Protoss Shields Level 1, Protoss Ground Weapons Level 1  
  71  15:03  Blink  
  71  15:10  Terran Infantry Armor Level 1, Zerg Missile Weapons Level 1, Terran Vehicle Weapons Level 1, Terran Ship Armor Level 1, Terran Infantry Weapons Level 1, Zerg Flyer Weapons Level 1, Protoss Air Armor Level 1, Terran Vehicle Armor Level 1, Protoss Air Weapons Level 1, Zerg Melee Weapons Level 1, Zerg Flyer Armor Level 1, Terran Ship Weapons Level 1, Zerg Ground Armor Level 1  
  71  15:22  Overlord  
  71  15:24  Extended Thermal Lance, Stimpack, Weapon Refit, Resonating Glaives, Charge, Warp Gate, Neosteel Armor  
  71  15:31  Adrenal Glands, Ventral Sacs  
  71  15:37  Enduring Locusts  
  71  15:38  Personal Cloaking  
  71  15:43  Drone  
  71  15:45  Psionic Storm, Infernal Pre-Igniter, Chitinous Plating, Centrifical Hooks, Cloaking Field, Neosteel Frame, Glial Reconstitution, Corvid Reactor, Metabolic Boost, Neural Parasite, Tunneling Claws, Combat Shield, Durable Materials  
  71  15:46  Drone  
  73  15:51  Overlord  
  73  15:53  Muscular Augments x2, Burrow  
  73  15:55  Zergling x2  
  65  15:57  Roach  
  65  16:00  Roach  
  65  16:03  Roach  
  59  16:07  Roach, Pathogen Glands, Behemoth Reactor, Moebius Reactor, Gravitic Boosters, Gravitic Drive, Caduceus Reactor, Graviton Catapult, Hi-Sec Auto Tracking  
  43  16:11  Roach  
  43  16:16  Roach  
  47  16:18  Zergling x2  
  47  16:20  Roach  
  47  16:21  Pneumatized Carapace, Concussive Shells  
  48  16:26  Roach  
  45  16:40  Drone  
  45  16:44  Zergling x2  
  30  17:04  Unknown x5  
Show
View Real Time Build Order
Export as new Build Order

Nadiejda Terran 

Build Orders: Reaper Expand 

Get SALT Encoding   

  1  0:00  SCV x12, Orbital Command  
    0:10  SCV  
  13  0:22  SCV  
  13  0:27  Supply Depot  
  14  0:34  SCV  
  15  0:49  SCV  
  16  0:51  Barracks  
  16  0:56  Refinery  
  16  1:01  SCV  
  17  1:13  SCV  
  18  1:25  SCV  
  19  1:38  Orbital Command  
  19  1:39  Reaper  
  20  1:56  Command Center  
  20  2:05  SCV  
  21  2:08  Supply Depot  
  21  2:12  Marine  
  22  2:17  SCV  
  23  2:25  Factory  
  23  2:31  SCV  
  24  2:37  Bunker  
  24  2:42  Barracks Reactor  
  24  2:43  SCV  
  25  2:46  Refinery  
  26  2:58  SCV  
  26  3:10  Orbital Command  
  26  3:15  Widow Mine  
  28  3:25  Starport  
  28  3:30  Marine x2  
  30  3:39  Widow Mine  
  32  3:42  SCV x2  
  34  4:09  Medivac  
  36  4:11  Widow Mine  
  36  4:16  SCV x2  
  40  4:51  Factory Tech Lab, Starport Tech Lab  
  40  5:00  Barracks  
  40  5:16  Raven  
  40  5:17  Barracks  
  42  5:24  Refinery  
  42  5:30  Supply Depot  
  36  6:01  Engineering Bay  
  36  6:11  Supply Depot  
  36  6:21  Barracks Tech Lab  
  36  6:24  Starport Reactor  
  36  6:28  Terran Infantry Weapons Level 1  
  36  6:29  Stimpack  
  36  6:34  Refinery  
  36  6:44  Command Center  
  36  6:58  Siege Tank  
  39  7:03  Medivac x2  
  43  7:19  Supply Depot  
  43  7:30  Siege Tank  
  43  7:37  Medivac x2  
  48  7:41  Supply Depot  
  50  8:13  Barracks, Factory Reactor  
  50  8:17  Combat Shield  
  50  8:18  Barracks, Concussive Shells  
  50  8:31  Orbital Command  
  50  8:58  Engineering Bay  
  50  9:00  Armory  
  50  9:05  Terran Infantry Armor Level 1  
  50  9:16  Factory Reactor  
  50  9:20  Orbital Command  
  44  9:44  Marine x5  
  49  9:46  Marauder x2  
  48  10:03  Marauder  
  53  10:07  Marauder x2  
  54  10:25  Marine x3  
  54  10:26  Marauder  
  61  10:28  Marauder  
  61  10:43  Orbital Command  
  61  10:48  Orbital Command  
  61  11:17  Terran Infantry Weapons Level 2  
  61  11:18  Refinery  
  61  11:21  Refinery, Terran Ship Weapons Level 1  
  61  11:24  Missile Turret x2  
  61  11:44  Missile Turret  
  61  11:46  Missile Turret  
  61  11:49  Missile Turret, Starport  
  61  11:56  Fusion Core  
  61  12:19  Command Center  
  61  12:28  Starport Reactor  
  61  12:58  Marine  
  61  12:59  Marine  
  61  13:01  Marauder  
  61  13:02  Widow Mine  
  61  13:05  Widow Mine  
  60  13:06  Marauder  
  60  13:08  Liberator  
  59  13:15  Advanced Ballistics  
  59  13:20  Ghost Academy  
  59  13:22  Marine  
  59  13:23  Marine  
  61  13:30  Marine x3, Liberator  
  61  13:31  Marauder x2  
  61  13:33  Widow Mine x2  
  75  13:40  SCV  
  76  13:51  Personal Cloaking  
  76  14:05  Protoss Ground Weapons Level 3, Protoss Shields Level 3, Protoss Ground Armor Level 3  
  76  14:12  Terran Ship Weapons Level 2  
  76  14:27  Terran Vehicle Weapons Level 3, Zerg Missile Weapons Level 3, Terran Infantry Armor Level 3, Terran Infantry Weapons Level 3, Terran Ship Weapons Level 3, Protoss Air Weapons Level 3, Zerg Ground Armor Level 3, Zerg Flyer Weapons Level 3, Terran Vehicle Armor Level 3, Planetary Fortress, Protoss Air Armor Level 3, Zerg Flyer Armor Level 3, Terran Ship Armor Level 3, Zerg Melee Weapons Level 3  
  76  14:30  Protoss Ground Armor Level 2, Protoss Shields Level 2, Protoss Ground Weapons Level 2  
  76  14:32  Missile Turret  
  76  14:42  Barracks  
  76  14:43  Barracks  
  76  14:45  Barracks  
  76  14:47  Starport  
  76  14:48  Terran Infantry Armor Level 2, Terran Ship Armor Level 2, Terran Infantry Weapons Level 2, Protoss Air Weapons Level 2, Zerg Melee Weapons Level 2, Zerg Missile Weapons Level 2, Zerg Ground Armor Level 2, Terran Vehicle Armor Level 2, Terran Ship Weapons Level 2, Zerg Flyer Weapons Level 2, Zerg Flyer Armor Level 2, Protoss Air Armor Level 2, Terran Vehicle Weapons Level 2  
  76  14:52  Missile Turret  
  76  14:55  Protoss Ground Armor Level 1, Protoss Shields Level 1, Protoss Ground Weapons Level 1  
  76  15:03  Blink  
  76  15:07  Command Center  
  76  15:10  Terran Infantry Armor Level 1, Zerg Missile Weapons Level 1, Terran Vehicle Weapons Level 1, Terran Ship Armor Level 1, Terran Infantry Weapons Level 1, Zerg Flyer Weapons Level 1, Protoss Air Armor Level 1, Terran Vehicle Armor Level 1, Protoss Air Weapons Level 1, Zerg Melee Weapons Level 1, Zerg Flyer Armor Level 1, Terran Ship Weapons Level 1, Zerg Ground Armor Level 1  
  76  15:13  Missile Turret  
  76  15:24  Extended Thermal Lance, Stimpack, Weapon Refit, Resonating Glaives, Charge, Warp Gate, Neosteel Armor  
  76  15:28  Marine x2  
  76  15:31  Adrenal Glands, Ventral Sacs  
  76  15:33  Missile Turret  
  76  15:37  Enduring Locusts  
  76  15:38  Personal Cloaking  
  76  15:45  Psionic Storm, Infernal Pre-Igniter, Chitinous Plating, Centrifical Hooks, Cloaking Field, Neosteel Frame, Glial Reconstitution, Corvid Reactor, Metabolic Boost, Neural Parasite, Tunneling Claws, Combat Shield, Durable Materials  
  76  15:50  Marauder  
  76  15:51  Marine  
  76  15:53  Muscular Augments x2, Burrow  
  76  15:54  Marine x2  
  76  15:55  Marine x2  
  76  15:57  Widow Mine  
  76  15:59  Widow Mine  
  76  16:01  Liberator  
  76  16:03  Liberator  
  75  16:07  Pathogen Glands, Behemoth Reactor, Moebius Reactor, Gravitic Boosters, Gravitic Drive, Caduceus Reactor, Graviton Catapult, Hi-Sec Auto Tracking  
  72  16:11  Marine  
  72  16:12  Marauder  
  75  16:19  Marauder x2, Widow Mine  
  75  16:20  Widow Mine  
  75  16:21  Pneumatized Carapace, Concussive Shells  
  83  16:33  Marauder  
  85  16:41  Marauder x2  
  91  17:04  Unknown x5  
Tags
 
Add a new tag
Caveats
  • Supply blocks, unpowered buildings, or Contaminate may cause inaccurate times.
  • Supply counts are checked every 10 seconds.